 Dungeon Sprint DCSS version 0.31-a0-640-g39d97e502b (webtiles) character file.

Game seed: 4910992796216047474

12747 sircluck the Brawler (level 11, -8/144 HPs)
             Began as a Troll Berserker on Aug 28, 2023.
             Was the Champion of Trog.
             Mangled by Rupert
             ... wielding a +2 great sword of holy wrath
              (33 damage)
             ... in the Dungeon (Sprint III: "The Ten Rune Challenge").
             The game lasted 00:08:16 (908 turns).

sircluck the Brawler (Troll Berserker)               Turns: 908, Time: 00:08:17

Health: -8/144     AC:  9    Str: 41    XL:     11   Next: 66%
Magic:  10/10      EV: 18    Int:  3    God:    Trog [******]
Gold:   142        SH:  0    Dex:  7    Spells: 10/10 levels left

rFire   + .          .
                       - Unarmed
rCold   . . .        (no shield)
rNeg    . . .        n - +1 robe {rF+}
rPois   .            o - +2 hat
rElec   .            (no cloak)
rCorr   .            (gloves unavailable)
SInv    .            (boots unavailable)
Will    ++...        (no amulet)
Stlth   ++           q - ring "Iful" {EV+5 Str+4 Stlth+}
HPRegen 2.24/turn    p - +6 ring of strength
MPRegen 0.12/turn

%: no teleportation
@: strong-willed, on berserk cooldown, regenerating
A: large, unfitting armour, claws 3, regeneration 1, shaggy fur 1, tough skin 1,
iridescent scales 1, clumsy 1, passive freeze, robust 1
a: Renounce Religion, Berserk, Trog's Hand, Brothers in Arms


You were in the Dungeon.
You worshipped Trog.
Trog was exalted by your worship.
You visited 1 branch You collected 1044 gold pieces.
You spent 902 gold pieces at shops.

Inventory:

Missiles
 r - 7 curare-tipped darts
Armour
 a - a +0 animal skin
 n - a +1 robe of fire resistance (worn)
 o - a +2 hat (worn)
Jewellery
 p - a +6 ring of strength (right claw)
 q - the ring "Iful" (left claw) {EV+5 Str+4 Stlth+}
   (You bought it in a shop in the Dungeon)

   [ring of evasion]

   EV+5:      It affects your evasion (+5).
   Str+4:     It affects your strength (+4).
   Stlth+:    It makes you more stealthy.
Wands
 m - a wand of charming (5)
Scrolls
 h - 2 scrolls of identify
 j - 2 scrolls of immolation
 l - a scroll of brand weapon
Potions
 b - 2 potions of curing
 c - a potion of heal wounds
 d - 3 potions of haste
 e - 2 potions of magic
 f - a potion of berserk rage
 i - a potion of mutation
 k - 4 potions of enlightenment
 s - a potion of degeneration {unknown}


   Skills:
 + Level 14.9 Fighting
 + Level 14.6 Dodging
 + Level 17.2 Unarmed Combat


You had 10 spell levels left.
You didn't know any spells.
Your spell library was empty.

Dungeon Overview and Level Annotations

Branches:
Dungeon (1/1)

Altars:
Cheibriados
Dithmenos
Elyvilon
Fedhas
Gozag
Hepliaklqana
Kikubaaqudgha
Makhleb
Nemelex Xobeh
Okawaru
Qazlal
Ru
Sif Muna
Trog
Uskayaw
Vehumet
Wu Jian
Xom
Yredelemnul
Zin
The Shining One
Jiyva
Lugonu

Shops:
D =

Annotations:
D Rupert


Innate Abilities, Weirdness & Mutations

You are too large for most types of armour.
You have claws for hands.
Your natural rate of healing is unusually fast.
You are covered in fur. (AC +1)
You have tough skin. (AC +1)
You are partially covered in iridescent scales. (AC +2)
You are clumsy. (Dex -2)
A frigid envelope surrounds you and freezes all who hurt you.
You are robust. (+10% HP)


Message History

Rupert goes berserk!
You closely miss Rupert.
Rupert is moderately wounded.
Rupert completely misses you.
Rupert hits you with a +2 great sword of holy wrath!!
Rupert resists.
Rupert is very cold.
Rupert is moderately wounded.
You barely miss Rupert.
Rupert is moderately wounded.
Rupert closely misses you.
Rupert hits you with a +2 great sword of holy wrath!!
* * * LOW HITPOINT WARNING * * *
Rupert resists.
Rupert is very cold.
Rupert is moderately wounded.
Blink to where?
Press: ? - help, Q - select action, (/) - cycle Dir - move target
As you read the scroll of blinking, it crumbles to dust.
You close the door.
Rupert breaks down the door.
Aiming: Charm
Press: ? - help, Q - select action, (/) - cycle Shift-Dir - straight line, f - Rupert
Aim: Rupert, wielding a +2 great sword of holy wrath and wearing a +2 scale mail of cold resistance (moderately wounded, berserk, chance to affect: 1%)
Okay, then.
Your skin crawls.
You feel strong-willed.
You feel yourself speed up.
The azure jelly quivers.
Rupert hits you with a +2 great sword of holy wrath!!
* * * LOW HITPOINT WARNING * * *
Rupert resists.
Rupert is very cold.
Rupert is moderately wounded.
Rupert closely misses you. Rupert completely misses you.
Okay, then.
Your cyclops goes berserk!
Rupert hits you with a +2 great sword of holy wrath.
* * * LOW HITPOINT WARNING * * *
Rupert resists.
Rupert is very cold.
Rupert is moderately wounded.
Rupert completely misses you. Rupert attacks as he pursues you!
Rupert hits you with a +2 great sword of holy wrath!!
You die...

▓#.....##..###....#
###..##...##.....#
##†.##....#†.....#
#..###..##.#.....#
#..# #.. ####....#
▓▓▓▓▓▓▓▓▓▓▓▓▓▓▓▓▓▓
▓...†~≈≈≈~~≈~≈♣♣..
▓.[)#†~≈§§.§).♣♣.≈
▓@PP#~.~§§§~≈≈~'..
▓@.P#~.~§§§§~.♣♣♣♣
▓...#~.≈~§~≈~≈♣
▓##C####+######
▓.....@§.......
▓#+############
.JJ# ▓.J.+ ▓...#


You could see Rupert (berserk, ally target) and a friendly cyclops (summoned,
berserk).

Vanquished Creatures
  Gastronok (D)
  2 dire elephants (D)
  A centaur warrior (D)
  An orc high priest (D)
  Joseph (D)
  A deep elf pyromancer (D)
  2 elephants (D)
  2 cane toads (D)
  A rime drake (D)
  An unseen horror (D)
  A komodo dragon (D)
  A queen bee (D)
  5 blink frogs (D)
  2 wandering mushrooms (D)
  A shadow (D)
  A spatial vortex (D)
  A swamp drake (D)
  2 orc warriors (D)
  2 centaurs (D)
  An earth elemental (D)
  A necrophage (D)
  A water elemental (D)
  13 killer bees (D)
  An orc priest (D)
  A jelly (D)
  Jessica (D)
  An orc wizard (D)
  A wizard (D)
  A necromancer (D)
  A kobold demonologist (D)
  3 humans (D)
  A wolf (D)
  A dart slug (D)
  2 orcs (D)
  2 endoplasms (D)
  2 rats (D)
63 creatures vanquished.

Vanquished Creatures (collateral kills)
  Harold (D)
  Erica (D)
  A wandering mushroom (D)
  2 orc warriors (D)
  19 killer bees (D)
  An orc priest (D)
  An orc wizard (D)
  5 orcs (D)
31 creatures vanquished.

Grand Total: 94 creatures vanquished

Notes
Turn   | Place    | Note
-------+----------+-------------------------------------------
     0 | D        | sircluck the Troll Berserker began the quest for the Orb.
     0 | D        | Reached XP level 1. HP: 22/22 MP: 0/0
    28 | D        | Reached ** piety under Trog
    36 | D        | Noticed Jessica
    41 | D        | Killed Jessica
    42 | D        | Reached skill level 4 in Unarmed Combat
    42 | D        | Reached XP level 2. HP: 26/32 MP: 1/1
    42 | D        | Reached XP level 3. HP: 31/39 MP: 2/2
    70 | D        | Reached skill level 5 in Unarmed Combat
    94 | D        | Gained mutation: You occasionally lose the ability to drink
                  | potions when taking damage. [potion of mutation]
    95 | D        | Lost mutation: You occasionally lose the ability to drink
                  | potions when taking damage. [potion of mutation]
    95 | D        | Gained mutation: You are somewhat resistant to further
                  | mutation. [potion of mutation]
    95 | D        | Gained mutation: You are partially covered in iridescent
                  | scales. (AC +2) [potion of mutation]
    95 | D        | Gained mutation: You possess an exceptional clarity of
                  | mind. [potion of mutation]
    96 | D        | Lost mutation: You possess an exceptional clarity of mind.
                  | [potion of mutation]
    96 | D        | Lost mutation: You are partially covered in iridescent
                  | scales. (AC +2) [potion of mutation]
    97 | D        | Lost mutation: You are somewhat resistant to further
                  | mutation. [potion of mutation]
    97 | D        | Gained mutation: You are clumsy. (Dex -2) [potion of
                  | mutation]
    97 | D        | Gained mutation: You are partially covered in iridescent
                  | scales. (AC +2) [potion of mutation]
    97 | D        | Gained mutation: You are robust. (+10% HP) [potion of
                  | mutation]
    97 | D        | Gained mutation: A frigid envelope surrounds you and
                  | freezes all who hurt you. [potion of mutation]
   105 | D        | Noticed a water elemental
   112 | D        | Killed a water elemental
   112 | D        | Reached *** piety under Trog
   113 | D        | Reached skill level 5 in Fighting
   113 | D        | Reached skill level 5 in Dodging
   113 | D        | Reached skill level 6 in Unarmed Combat
   113 | D        | Reached XP level 4. HP: 53/55 MP: 3/3
   124 | D        | Found a basalt altar of Yredelemnul.
   124 | D        | Found a shadowy altar of Dithmenos.
   124 | D        | Found a sacrificial altar of Ru.
   124 | D        | Noticed a necrophage
   127 | D        | Reached XP level 5. HP: 57/62 MP: 4/4
   131 | D        | Reached skill level 7 in Unarmed Combat
   150 | D        | Found a radiant altar of Vehumet.
   150 | D        | Found a shimmering blue altar of Sif Muna.
   150 | D        | Found an ancient bone altar of Kikubaaqudgha.
   151 | D        | Reached **** piety under Trog
   152 | D        | Noticed a smoke demon
   153 | D        | Noticed a neqoxec
   157 | D        | Noticed an orange demon
   254 | D        | Found a hide-covered altar of Uskayaw.
   254 | D        | Found an iron altar of Okawaru.
   254 | D        | Found a bloodstained altar of Trog.
   254 | D        | Found an ornate altar of the Wu Jian Council.
   254 | D        | Noticed a human
   255 | D        | Noticed a human
   258 | D        | Killed a human
   259 | D        | Reached skill level 8 in Unarmed Combat
   259 | D        | Reached XP level 6. HP: 78/78 MP: 5/5
   264 | D        | Killed a human
   265 | D        | Reached skill level 9 in Unarmed Combat
   265 | D        | Reached XP level 7. HP: 85/86 MP: 6/6
   307 | D        | Found a glowing silver altar of Zin.
   308 | D        | Found a glowing golden altar of the Shining One.
   308 | D        | Found a white marble altar of Elyvilon.
   308 | D        | Noticed a deep elf pyromancer
   311 | D        | Killed a deep elf pyromancer
   311 | D        | Reached ***** piety under Trog
   312 | D        | Reached skill level 10 in Unarmed Combat
   324 | D        | Noticed a shadow
   328 | D        | Killed a shadow
   329 | D        | Reached XP level 8. HP: 94/101 MP: 7/7
   347 | D        | Noticed Erica
   354 | D        | Found a blossoming altar of Fedhas.
   354 | D        | Found a stormy altar of Qazlal.
   354 | D        | Found a snail-covered altar of Cheibriados.
   354 | D        | Found a burning altar of Makhleb.
   354 | D        | Found a shimmering altar of Xom.
   355 | D        | Found a hazy altar of Hepliaklqana.
   355 | D        | Found an opulent altar of Gozag.
   355 | D        | Found a sparkling altar of Nemelex Xobeh.
   355 | D        | Found a corrupted altar of Lugonu.
   355 | D        | Found a viscous altar of Jiyva.
   365 | D        | Reached skill level 11 in Unarmed Combat
   385 | D        | Killed Erica
   386 | D        | Reached skill level 10 in Fighting
   386 | D        | Reached skill level 10 in Dodging
   389 | D        | Reached skill level 12 in Unarmed Combat
   392 | D        | Received a gift from Trog
   393 | D        | Noticed an orc high priest
   398 | D        | Found Ugrenim's Jewellery Shop.
   400 | D        | Reached XP level 9. HP: 60/112 MP: 8/8
   403 | D        | Reached ****** piety under Trog
   405 | D        | Received a gift from Trog
   407 | D        | Killed an orc high priest
   408 | D        | Reached skill level 13 in Unarmed Combat
   467 | D        | Bought a +6 ring of strength for 360 gold pieces
   467 | D        | Bought the ring "Iful" {EV+5 Str+4 Stlth+} for 542 gold
                  | pieces
   491 | D        | Identified the +8 great sword "Impbane" {antimagic, rF+}
                  | (Trog gifted it to you in the Dungeon)
   491 | D        | Received a gift from Trog
   506 | D        | Noticed a centaur warrior
   512 | D        | Killed a centaur warrior
   529 | D        | Killed an unseen horror
   530 | D        | Reached XP level 10. HP: 112/126 MP: 9/9
   659 | D        | Reached skill level 14 in Unarmed Combat
   665 | D        | Received a gift from Trog
   677 | D        | Received a gift from Trog
   701 | D        | Identified the +11 lajatang "Tait Ecw" {flame, Str+2} (Trog
                  | gifted it to you in the Dungeon)
   701 | D        | Received a gift from Trog
   723 | D        | Noticed Harold
   723 | D        | Noticed Joseph
   733 | D        | Killed Joseph
   733 | D        | Received a gift from Trog
   735 | D        | Killed Harold
   736 | D        | Reached skill level 15 in Unarmed Combat
   798 | D        | Noticed a cane toad
   798 | D        | Noticed a cane toad
   801 | D        | Killed a cane toad
   802 | D        | Reached XP level 11. HP: 139/139 MP: 10/10
   803 | D        | Received a gift from Trog
   821 | D        | Reached skill level 16 in Unarmed Combat
   840 | D        | Identified the +8 lajatang of Fionk {flame, Dex+2 SInv}
                  | (Trog gifted it to you in the Dungeon)
   840 | D        | Received a gift from Trog
   851 | D        | Noticed a dire elephant
   852 | D        | Noticed a dire elephant
   852 | D        | Noticed Gastronok
   865 | D        | Killed a dire elephant
   871 | D        | Killed a dire elephant
   877 | D        | Killed Gastronok
   877 | D        | Received a gift from Trog
   878 | D        | Reached skill level 17 in Unarmed Combat
   885 | D        | Noticed an azure jelly
   885 | D        | Noticed an azure jelly
   885 | D        | Noticed an azure jelly
   887 | D        | Noticed an azure jelly
   890 | D        | Noticed Rupert
   892 | D        | Paralysed by Rupert for 5 turns
   908 | D        | Mangled by Rupert

Illustrated notes

Levels and vault maps discovered:
D:        dungeon_sprint_mu [sprint_mu_entry_cave, sprint_mu_temple_rooms,
          sprint_mu_d1_horrors, sprint_mu_d2_genie, sprint_mu_d3_branching,
          sprint_mu_orc_legion, sprint_mu_elf_gauntlet, sprint_mu_hive_nellie,
          sprint_mu_lair_fedhas, sprint_mu_vaults_butterflies,
          sprint_mu_slime_circle, sprint_mu_swamp_cave, sprint_mu_snake_twists,
          sprint_mu_blade_basic, sprint_mu_crypt_fortress,
          sprint_mu_tomb_spiral, sprint_mu_vestibule_basic,
          sprint_mu_gehenna_hellfire, sprint_mu_dis_giant,
          sprint_mu_tartarus_statrot, sprint_mu_cocytus_islands, sprint_mu_zot1]

Skill      XL: |  1  2  3  4  5  6  7  8  9 10 11 |
---------------+----------------------------------+-----
Fighting       | 3 5 7 9 10 11 13 14 | 14.9
Dodging        | 3 5 7 9 10 11 13 14 | 14.6
Unarmed Combat | 4 6 8 9 10 12 13 15 17 | 17.2

Action                     |  1- 3 |  4- 6 |  7- 9 | 10-12 || total
---------------------------+-------+-------+-------+-------++-------
  Melee: Unarmed           |    21 |    22 |    48 |    81 ||   172
         Punch             |     1 |       |     4 |     8 ||    13
 Invoke: Berserk           |     1 |     1 |       |     1 ||     3
         Brothers in Arms  |       |       |     1 |     3 ||     4
         Trog's Hand       |       |       |       |     1 ||     1
    Use: Potion            |     4 |       |       |       ||     4
         Scroll            |       |       |       |     3 ||     3
   Stab: Sleeping          |       |       |       |     1 ||     1
 Armour: Animal skin       |     3 |     3 |       |       ||     6
         Robe              |       |       |    21 |    16 ||    37
  Dodge: Dodged            |     6 |    12 |    41 |    56 ||   115

Table legend: (Time is in decaauts)
 A = Elapsed time spent in this place.
 B = Non-inter-level travel time spent in this place.
 C = Inter-level travel time spent in this place.
 D = Time resting spent in this place.
 E = Time spent auto-exploring this place.
 F = Levels seen in this place.
 G = Mean time per level.
                   A        B        C        D        E       F      G
               +--------+--------+--------+--------+--------+-----+--------+
         Total |    892 |    867 |     25 |    245 |     87 |   1 |  892.0 |
       Dungeon |    892 |    867 |     25 |    245 |     87 |   1 |  892.0 |
               +--------+--------+--------+--------+--------+-----+--------+

Top non-repeatable levels by time:
       D: 892 daAuts
